General information
- name: EWs_EternalMyth < | | >
- type: Custom game
- host: EWs_EternalMyth
- saver: D-33
map: LostTemple
- players: 8
- length: 25:35
- speed: Fast
- version: 1.21 W3XP
- replay type: Public
» download(208 KB)
Players
team 1 (loser)
matta (
brown | 188 APM | 4806 actions | 25:34)
4 Blademaster
2 Wind Walk
2 Critical Strike
3 Shadow Hunter
1 Hex
2 Healing Wave
» actions
| Assign group hotkey | 327 | |
| Basic commands | 27 | |
| Build / train | 78 | |
| ESC pressed | 7 | |
| Enter build submenu | 32 | |
| Enter hero's abilities submenu | 7 | |
| Give item / drop item | 3 | |
| Right click | 1855 | |
| Select / deselect | 656 | |
| Select group hotkey | 1615 | |
| Use ability | 199 | |
4806 total
» units
| Peon | 15 | |
| Grunt | 13 | |
| Raider | 6 | |
| Spirit Walker | 7 | |
| Wind Rider | 1 | |
42 total
» upgrades
| Berserker Strength | 1 | |
| Ensnare | 1 | |
| Spirit Walker Training | 1 | |
| Armor | 1 | |
| Melee Weapons | 1 | |
| Spiked Barricades | 1 | |
6 total
» buildings
| Altar of Storms | 1 | |
| Orc Burrow | 6 | |
| Barracks | 1 | |
| Stronghold | 3 | |
| Voodoo Lounge | 1 | |
| Beastiary | 2 | |
| Spirit Lodge | 1 | |
| War Mill | 1 | |
| Watch Tower | 9 | |
| Great Hall | 4 | |
29 total
» build order
00:03 Altar of Storms
00:14 Orc Burrow
00:32 Barracks
01:24 Orc Burrow
02:29 Stronghold
02:30 Stronghold
02:30 Stronghold
03:15 Orc Burrow
03:53 Voodoo Lounge
04:56 Beastiary
04:58 Spirit Lodge
05:48 Orc Burrow
07:59 Orc Burrow
09:11 Orc Burrow
09:28 War Mill
15:56 Watch Tower
15:59 Watch Tower
16:27 Great Hall
17:43 Watch Tower
17:51 Watch Tower
17:53 Watch Tower
19:21 Beastiary
19:23 Watch Tower
19:26 Watch Tower
19:39 Watch Tower
19:46 Watch Tower
21:24 Great Hall
22:35 Great Hall
22:40 Great Hall
» items
| Healing Salve | 5 | |
| Lesser Clarity Potion | 3 | |
| Scroll of Speed | 2 | |
| Scroll of Town Portal | 3 | |
13 total
team 2 (winner)
enS.Yader (
blue | 213 APM | 5442 actions | 25:34)
5 Blademaster
3 Wind Walk
2 Critical Strike
5 Shadow Hunter
2 Hex
3 Healing Wave
» actions
| Assign group hotkey | 62 | |
| Basic commands | 366 | |
| Build / train | 125 | |
| Enter build submenu | 18 | |
| Enter hero's abilities submenu | 10 | |
| Give item / drop item | 4 | |
| Right click | 1894 | |
| Select / deselect | 1066 | |
| Select group hotkey | 1671 | |
| Use ability | 226 | |
5442 total
» units
| Peon | 22 | |
| Grunt | 8 | |
| Raider | 7 | |
| Spirit Walker | 9 | |
| Kodo Beast | 2 | |
| Troll Headhunter/Berserker | 1 | |
| Demolisher | 5 | |
54 total
» upgrades
| Berserker Strength | 1 | |
| Ensnare | 1 | |
| Spirit Walker Training | 1 | |
| Armor | 2 | |
| Melee Weapons | 2 | |
| Reinforced Defenses | 1 | |
8 total
» buildings
| Altar of Storms | 1 | |
| Orc Burrow | 8 | |
| Barracks | 1 | |
| Stronghold | 3 | |
| Voodoo Lounge | 1 | |
| Beastiary | 1 | |
| Spirit Lodge | 1 | |
| Great Hall | 1 | |
| War Mill | 1 | |
| Watch Tower | 1 | |
| Fortress | 2 | |
21 total
» build order
00:04 Altar of Storms
00:10 Orc Burrow
00:33 Barracks
01:26 Orc Burrow
02:38 Stronghold
02:38 Stronghold
02:39 Stronghold
03:41 Orc Burrow
03:54 Voodoo Lounge
05:18 Beastiary
05:20 Spirit Lodge
05:57 Orc Burrow
08:59 Orc Burrow
10:34 Great Hall
10:36 War Mill
15:07 Orc Burrow
19:36 Orc Burrow
20:10 Orc Burrow
21:28 Watch Tower
23:08 Fortress
23:08 Fortress
» items
| Healing Salve | 3 | |
| Lesser Clarity Potion | 11 | |
| Scroll of Speed | 4 | |
| Boots of Speed | 2 | |
| Scroll of Healing | 5 | |
| Potion of Lesser Invulnerability | 4 | |
| Scroll of Town Portal | 4 | |
| Potion of Healing | 2 | |
| Scroll of Protection | 1 | |
36 total
observersEWs_EternalMyth,
xT.Gon,
D-33,
eX]Yussuke,
FML^WorpeX,
NOOBseeker Chat log
(00:15 / Observers) FML^WorpeX: omg, this game is going to be mad boring
(00:20 / Observers) NOOBseeker: i better see at least 6 tauren in this game
(00:29 / Observers) FML^WorpeX: 3 for each player?
(00:37 / Observers) NOOBseeker: at least
(00:44 / Observers) FML^WorpeX: /time
(00:45 / Observers) FML^WorpeX: zOMG
(00:48 / Observers) NOOBseeker: /owned
(00:55 / Observers) FML^WorpeX: /fps works
(00:57 / Observers) FML^WorpeX: woot
(01:10 / Observers) FML^WorpeX: does /fps work in single player?
(01:17 / Observers) NOOBseeker: yes
(01:23 / Observers) FML^WorpeX: for seroius?
(01:24 / Observers) FML^WorpeX: thats epic
(01:27 / Observers) NOOBseeker: wow im getting 50
(01:42 / Observers) eX]Yussuke: 4 ps salvos =p
(01:43 / Observers) eX]Yussuke: =*
(02:45 / Observers) NOOBseeker: grunt of multitasking ftw
(02:57 / Observers) FML^WorpeX: HMMMM
(03:11 / Observers) FML^WorpeX: im getting 64
(04:43 / Observers) NOOBseeker: backpack dust of appearance please....
(04:49 / Observers) FML^WorpeX: grunts just never die
(04:58 / Observers) NOOBseeker: they are TIER1KNIGHTS
(05:13 / Observers) FML^WorpeX: who got the creep
(05:15 / Observers) FML^WorpeX: O.o
(05:22 / Observers) NOOBseeker: blue
(05:48 / Observers) FML^WorpeX: this game sucks, if I wanted to watch a bm chasing a bm i'd go join a 4v4 rt game
(06:06 / Observers) NOOBseeker: errrr
(06:06 / Observers) EWs_EternalMyth: ...................
(06:13 / Observers) NOOBseeker: that doesnt happen much
(06:17 / Observers) FML^WorpeX: thats true
(06:20 / Observers) FML^WorpeX: they usually die in rt
(06:29 / Observers) NOOBseeker: to wisp harrasing
(06:40 / Observers) NOOBseeker: wasteful
(06:42 / Observers) FML^WorpeX: hmmm no, If they got wisp harrassed
(06:44 / Observers) FML^WorpeX: they would alt qq
(06:48 / Observers) NOOBseeker: agreed
(06:59 / Observers) FML^WorpeX: a grunt died
(07:01 / Observers) FML^WorpeX: im shocked
(07:09 / Observers) NOOBseeker: /like seeing bigfoot
(07:16 / Observers) FML^WorpeX: thats what i was thinking
(07:30 / Observers) NOOBseeker: tping out to save the one grunt
(07:46 / Observers) NOOBseeker: this is mirror in solo?
(07:48 / Observers) FML^WorpeX: grunts are 200 gold with of big green orc joy
(07:50 / Observers) NOOBseeker: /palmface
(07:59 / Observers) FML^WorpeX: worth*
(08:15 / Observers) NOOBseeker: i suppose so...
(08:25 / Observers) FML^WorpeX: heal ze raider
(08:51 / Observers) FML^WorpeX: what clan is yader in
(08:56 / Observers) FML^WorpeX: I thought ens was dead
(09:09 / Observers) D-33: it is...
(09:15 / Observers) D-33: xT
(09:16 / Observers) FML^WorpeX: what clan is he in than
(09:19 / Observers) FML^WorpeX: O.o
(09:22 / Observers) FML^WorpeX: xT vs xT?
(09:28 / Observers) D-33: WHAT?
(09:33 / Observers) D-33: xT vs eX
(09:36 / Observers) FML^WorpeX: im so confused
(09:39 / Observers) FML^WorpeX: omg
(09:41 / Observers) FML^WorpeX: too many x's
(09:50 / Observers) NOOBseeker: XX would approve of this
(09:54 / Observers) FML^WorpeX: definately
(10:01 / Observers) FML^WorpeX: what league is this for
(10:13 / Observers) NOOBseeker: both ProtonXX and WarMachineXX and maybe WeaponXX
(10:14 / Observers) xT.Gon: a shit brasilian league
(10:19 / Observers) FML^WorpeX: hmm
(10:22 / Observers) FML^WorpeX: t
(10:33 / Observers) FML^WorpeX: shit brizilain league....
(10:35 / Observers) FML^WorpeX: w3al?
(10:54 / Observers) NOOBseeker: dont fight that....
(10:59 / Observers) FML^WorpeX: who
(11:02 / Observers) NOOBseeker: brown
(11:11 / Observers) FML^WorpeX: i want yader to win
(11:14 / Observers) NOOBseeker: giving blue fountain advantage
(11:15 / Observers) FML^WorpeX: so... fight it!!!!
(11:22 / Observers) FML^WorpeX: hes got book for gg though
(11:24 / Observers) FML^WorpeX: nevermind
(11:37 / Observers) NOOBseeker: o_O
(12:06 / Observers) FML^WorpeX: matta has a better army
(12:09 / Observers) FML^WorpeX: but yader has an expo soon
(12:28 / Observers) NOOBseeker: thats not a expo thats a sexpo!
(12:35 / Observers) eX]Yussuke: tt
(12:35 / Observers) FML^WorpeX: intense
(13:26 / Observers) FML^WorpeX: xt ftw
(13:32 / Observers) FML^WorpeX: dont fight that
(13:33 / Observers) FML^WorpeX: tt
(13:40 / Observers) FML^WorpeX: eight, if thats what you want to do
(13:41 / Observers) FML^WorpeX: than do it
(13:43 / Observers) FML^WorpeX: i dont care anymore
(14:20 / Observers) NOOBseeker: awww tthat was nice
(14:27 / Observers) FML^WorpeX: their magically delicious
(14:30 / All) enS.Yader: รง-_-1
(14:46 / Observers) FML^WorpeX: that was an intense face
(14:55 / Observers) NOOBseeker: c-_-1
(14:56 / Observers) FML^WorpeX: thats like, extremely depressed face
(15:04 / Observers) FML^WorpeX: you dont have the squiggly under the c
(15:06 / Observers) FML^WorpeX: yours sucks
(15:08 / Observers) NOOBseeker: picasso is ascii
(15:19 / Observers) NOOBseeker: que?
(15:54 / Observers) NOOBseeker: this spirit walker is too stubborn
(16:01 / Observers) NOOBseeker: unlike all the other spiritwalker
(16:05 / Observers) FML^WorpeX: reminds me of fly last night
(16:21 / Observers) NOOBseeker: who?
(16:27 / Observers) FML^WorpeX: F-L-U
(16:30 / Observers) FML^WorpeX: F-L-Y*
(16:36 / Observers) NOOBseeker: OH FLY
(16:40 / Observers) NOOBseeker: never heard of him
(16:44 / Observers) FML^WorpeX: me neither
(16:54 / Observers) FML^WorpeX: so about that match you were supposed to play today
(16:57 / Observers) FML^WorpeX: did they ever play it?
(17:02 / Observers) NOOBseeker: i dont know,
(17:07 / Observers) FML^WorpeX: me neither
(17:09 / Observers) NOOBseeker: i looked on all the realms for crow
(17:16 / Observers) NOOBseeker: and his various akas
(17:19 / Observers) FML^WorpeX: :o
(17:21 / Observers) NOOBseeker: couldnt find it
(17:24 / Observers) FML^WorpeX: and no sign of him?
(17:35 / Observers) NOOBseeker: well thats who i assume who would be there
(17:38 / Observers) NOOBseeker: since he said
(17:46 / Observers) NOOBseeker: he would be there
(17:53 / Observers) xT.Gon: GG
(18:02 / Observers) D-33: yader should win this game without problems
(18:04 / Observers) FML^WorpeX: GG. xT 4 LYFE
(18:04 / Observers) NOOBseeker: indeed
(18:38 / Observers) D-33: asshole the tm
(18:40 / Observers) D-33: lol
(18:42 / Observers) D-33: bm
(18:49 / Observers) D-33: nice
(18:50 / Observers) xT.Gon: lag
(18:58 / Observers) FML^WorpeX: im glad im not an orc player
(19:03 / Observers) FML^WorpeX: this is too intense for me
(19:05 / Observers) xT.Gon: esos kodos no comen
(19:09 / Observers) D-33: ya gano
(19:11 / Observers) D-33: GG
(19:12 / Observers) NOOBseeker: lol?
(19:20 / Observers) NOOBseeker: and gargs fights arent hard enough for you?
(19:23 / Observers) D-33: sali matta dejate de joder dale
(19:24 / Observers) xT.Gon: ni un grunt muerto
(19:25 / Observers) FML^WorpeX: hmmm
(19:26 / Observers) xT.Gon: q verguenza
(19:31 / Observers) FML^WorpeX: thats the thing seeker
(19:33 / Observers) FML^WorpeX: i dont use gargs
(19:34 / Observers) FML^WorpeX: O.o
(19:39 / Observers) xT.Gon: no nuke
(19:41 / Observers) xT.Gon: rofl
(19:44 / Observers) FML^WorpeX: fiends are the noob way out
(19:47 / Observers) xT.Gon: he need nuke
(19:49 / Observers) D-33: que chabon molesto massero de torres
(19:53 / Observers) NOOBseeker: so you use Dk Pitlol Panda and frost wyrms?
(20:03 / Observers) FML^WorpeX: no, i just mass fiends
(20:13 / Observers) FML^WorpeX: i dont get heros
(20:13 / Observers) xT.Gon: apuesto a q espera el disc
(20:16 / Observers) xT.Gon: y pediria win
(20:18 / Observers) NOOBseeker: oh
(20:19 / Observers) D-33: lol
(20:22 / Observers) D-33: q vivo
(20:26 / Observers) FML^WorpeX: heros are way overrated
(20:29 / Observers) FML^WorpeX: not worth the money
(20:30 / Observers) xT.Gon: pero asi son los brasileros
(20:33 / Observers) NOOBseeker: too little skillz involved with heros
(20:40 / Observers) FML^WorpeX: ya
(20:41 / Observers) FML^WorpeX: exactly
(20:42 / Observers) NOOBseeker: so much skill without heros
(20:49 / Observers) NOOBseeker: w
(20:50 / Observers) NOOBseeker: t
(20:50 / Observers) NOOBseeker: f
(20:56 / Observers) FML^WorpeX: i want to be different, too many people use them
(21:04 / Observers) FML^WorpeX: why is matta being a whore?
(21:15 / Observers) FML^WorpeX: no offence to his clanmates
(21:16 / Observers) FML^WorpeX: or anything
(21:17 / Observers) D-33: tira scroll
(21:18 / Observers) NOOBseeker: is this the same matta from clan towa on east?
(21:18 / Observers) FML^WorpeX: but he cant win
(21:21 / Observers) xT.Gon: DISC
(21:32 / Observers) D-33: savegame
(21:37 / Observers) NOOBseeker: demolisher
(21:38 / Observers) xT.Gon: no
(21:40 / Observers) NOOBseeker: and dead
(21:45 / Observers) xT.Gon: ningun admin le daria win
(21:59 / Observers) xT.Gon: y si le dan la league apesta
(22:46 / Observers) NOOBseeker: this is fucked up
(22:52 / Observers) NOOBseeker: 1 sh owning an entire army......
(22:55 / Observers) FML^WorpeX: O.o
(22:59 / Observers) FML^WorpeX: O RLY?
(23:00 / Observers) xT.Gon: DISC
(23:03 / Observers) D-33: esta para cagarlo a trompadas a ese
(23:03 / Observers) NOOBseeker: yarly
(23:13 / Observers) FML^WorpeX: NO WAI!
(23:18 / Observers) NOOBseeker: agleed
(23:21 / Observers) FML^WorpeX: im glad their isnt an admin present for this match
(23:23 / Observers) xT.Gon: sux brasilian people
(23:27 / Observers) FML^WorpeX: we probly would abeen banned
(23:28 / Observers) xT.Gon: sux hard
(23:31 / Observers) NOOBseeker: rofle
(23:46 / Observers) D-33: admins should have some kind of common sense for this situations
(23:55 / Observers) FML^WorpeX: i'da loved to see that, "Noobseeker and WorpeX have been banned perminantly from this league"
(23:59 / Observers) FML^WorpeX: lol
(24:02 / Observers) FML^WorpeX: and we arnt even in the league
(24:03 / Observers) NOOBseeker: lol
(24:11 / Observers) NOOBseeker: i am
(24:15 / Observers) FML^WorpeX: liar
(24:25 / Observers) FML^WorpeX: matta has 500 gold to mine
(24:31 / Observers) FML^WorpeX: im sure getting that main up will help him a lot
(24:31 / Observers) NOOBseeker: i play for team buckfutter
(24:39 / Observers) FML^WorpeX: o rly
(24:42 / Observers) FML^WorpeX: i played for them once
(24:43 / Observers) NOOBseeker: ya rly
(24:50 / Observers) FML^WorpeX: i got fired
(24:59 / Observers) NOOBseeker: thats odd
(25:02 / Observers) FML^WorpeX: because i told the cheif that i had gay feelings for him
(25:08 / Observers) NOOBseeker: o_O
(25:14 / Observers) NOOBseeker: the cheif is a chick
(25:16 / Observers) NOOBseeker: not a dude
(25:24 / Observers) FML^WorpeX: exactly why I was fired
(25:33 / All) matta: GG